 Dungeon Crawl Stone Soup version 0.29.1-2-gbd0b4ee654 (webtiles) character file.

Game seed: 12143634688169964047

26 tizbic2 the Trooper (level 3, 0/20 HPs)
             Began as a Vine Stalker Fighter on Nov 4, 2022.
             Slain by Terence
             ... wielding a +2 mace of protection
              (6 damage)
             ... on level 2 of the Dungeon.
             The game lasted 00:02:57 (780 turns).

tizbic2 the Trooper (Vine Stalker Fighter)           Turns: 780, Time: 00:02:58

Health: 0/20       AC: 11    Str: 18    XL:     3   Next: 8%
Magic:  0/5        EV:  9    Int: 10    God:
Gold:   41         SH:  4    Dex: 13    Spells: 3/3 levels left

rFire   . . .      SeeInvis .   a - +0 war axe
rCold   . . .      Faith    .   c - +0 buckler
rNeg    . . .      Spirit   +   b - +0 scale mail
rPois   .          Reflect  .   i - +0 helmet
rElec   .          Harm     .   (no cloak)
rCorr   .          Rampage  .   (no gloves)
Will    .....                   (no boots)
Stlth   ..........              (no amulet)
HPRegen 0.06/turn               e - +4 ring of protection
MPRegen 0.09/turn               (no ring)

@: mighty
A: fangs 2, magic shield, antimagic bite, no potion heal 2
a: no special abilities


You were on level 2 of the Dungeon.
You visited 1 branch of the dungeon, and saw 2 of its levels.

You collected 41 gold pieces.

Inventory:

Hand Weapons
 a - a +0 war axe (weapon)
Missiles
 f - 4 poisoned darts (quivered)
Armour
 b - a +0 scale mail (worn)
 c - a +0 buckler (worn)
 g - a +0 ring mail
 i - a +0 helmet (worn)
Jewellery
 e - a +4 ring of protection (left hand)
Scrolls
 h - a scroll of poison {unknown}
Potions
 j - a potion of resistance {unknown}
 k - a potion of heal wounds {unknown}


   Skills:
 * Level 3.0 Fighting
 * Level 2.3 Axes
 - Level 2.4 Armour
 + Level 2.9 Shields
 + Level 0.8 Spellcasting


You had 3 spell levels left.
You didn't know any spells.
Your spell library was empty.

Dungeon Overview and Level Annotations

Branches:
Dungeon (2/15)

Altars:

Annotations:
D:2 Terence


Innate Abilities, Weirdness & Mutations

You have extremely sharp teeth.
When hurt, damage is shared between your health and your magic reserves.
Your bite disrupts and absorbs the magic of your enemies.
Potions cannot restore your health.


Message History

You kill the endoplasm!
k - a puce potion Magic restored.
HP restored.
Found 12 gold pieces.
You now have 41 gold pieces (gained 12).
Terence the Incautious comes into view.
He is wielding a +2 mace of protection and wearing a +3 scale mail of willpower.
Throw: 5 darts (poison)
Press: ? - help, Q - select action Shift-Dir - straight line, f - Terence
Aim: Terence, wielding a +2 mace of protection and wearing a +3 scale mail of willpower (61% to hit)
You throw a poisoned dart. The poisoned dart hits Terence.
Terence is poisoned.
You hit Terence. Your bite misses Terence.
Terence is lightly wounded.
Terence barely misses you. x2
You hit Terence. Your bite misses Terence.
Terence is moderately wounded.
Terence hits you with a +2 mace of protection!
You barely miss Terence. You bite Terence, but do no damage.
Terence is moderately wounded.
You block Terence's attack.
Terence hits you with a +2 mace of protection.
You hit Terence.
Terence is heavily wounded.
Terence hits you but does no damage.
You closely miss Terence. Your bite misses Terence.
Terence is heavily wounded.
Terence hits you but does no damage. x2
You closely miss Terence. Your bite misses Terence.
Terence is heavily wounded.
Terence looks more healthy.
Terence hits you but does no damage.
You feel very mighty all of a sudden.
Terence hits you with a +2 mace of protection.
You hit Terence but do no damage. Your bite misses Terence.
Terence is heavily wounded.
Terence hits you with a +2 mace of protection.
* * * LOW HITPOINT WARNING * * *
You hit Terence.
Terence is almost dead.
Terence hits you with a +2 mace of protection!
You die...

#........
#.####### #.#
#.# #.# ### #.#
... # .
#.##.##.#
...####........
......@@.......
...###...#.##.#
#..........
##...#....#
##.####### #.#
#.# #+#


You could see Terence.

Vanquished Creatures
  A dart slug (D:1)
  A ball python (D:1)
  An endoplasm (D:2)
  2 giant cockroaches (D:1)
  3 goblins (D:1)
  4 hobgoblins (D:1)
  2 quokkas (D:1)
  2 bats (D:1)
  A frilled lizard (D:1)
  A kobold (D:1)
  3 rats (D:1)
21 creatures vanquished.

Notes
Turn   | Place    | Note
-------+----------+-------------------------------------------
     0 | D:1      | tizbic2 the Vine Stalker Fighter began the quest for the
                  | Orb.
     0 | D:1      | Reached XP level 1. HP: 11/11 MP: 2/2
   129 | D:1      | Reached XP level 2. HP: 10/16 MP: 1/3
   343 | D:1      | Reached skill level 3 in Fighting
   500 | D:1      | Reached XP level 3. HP: 18/20 MP: 5/5
   768 | D:2      | Noticed Terence
   780 | D:2      | Slain by Terence

Illustrated notes

Levels and vault maps discovered:
D:1:      roderic_octagonal_star, layout_rooms
D:2:      layout_loops_corners, hellmonk_ecumenical_altar_arch_garden,
          minmay_misc_feat_ornament, minmay_randomly_rotated_circles,
          uniq_terence

Skill      XL: |  1  2 |
---------------+-------+-----
Axes           | 2 |  2.3
Fighting       | 3 |  3.0
Armour         | |  2.4
Shields        | |  2.9
Spellcasting   | |  0.8

Action                   || total
-------------------------++-------
Melee: War axe           ||    64
       Bite              ||    16
Throw: Dart              ||     1
  Use: Potion            ||     1
Armor: Scale mail        ||    38
Dodge: Dodged            ||    31
Block: Buckler           ||    18
